 Dungeon Crawl Stone Soup version 0.22.0-1-g6561e4c (webtiles) character file.

8228 Loudmushroom the Cleaver (level 11, -2/99 HPs)
             Began as a Minotaur Berserker on Aug 12, 2018.
             Was a High Priest of Trog.
             Slain by an iron troll (7 damage)
             ... on level 10 of the Dungeon.
             The game lasted 00:57:05 (10389 turns).

Loudmushroom the Cleaver (Minotaur Berserker)      Turns: 10389, Time: 00:57:06

Health: -2/99      AC: 19    Str: 22    XL:     11   Next: 7%
Magic:  11/11      EV: 11    Int:  4    God:    Trog [*****.]
Gold:   744        SH:  0    Dex: 13    Spells: 10/10 levels left

rFire    . . .     SeeInvis .   a - +4 hand axe
rCold    . . .     Gourm    .   (no shield)
rNeg     . . .     Faith    +   q - +0 plate armour
rPois    .         Spirit   .   A - +1 hat
rElec    .         Reflect  .   P - scarf {repulsion}
rCorr    .         Harm     .   t - +0 pair of gloves
MR       +++..                  g - +1 pair of boots
Stlth    ..........             L - amulet of faith
HPRegen  1.26/turn              k - ring of protection from magic
MPRegen  0.12/turn              y - +4 ring of slaying

@: berserk cooldown, regenerating, slowed, repel missiles, very slow
A: retaliatory headbutt, horns 2
a: Berserk, Trog's Hand, Brothers in Arms, Renounce Religion


You were on level 10 of the Dungeon.
You worshipped Trog.
Trog was extremely pleased with you.
You were near starving.

You visited 2 branches of the dungeon, and saw 11 of its levels.
You also visited: Ossuary.

You collected 744 gold pieces.

Inventory:

Hand Weapons
 a - a +4 hand axe (weapon)
 b - a +2 shortbow of freezing
 s - a +0 war axe
 D - a +0 morningstar
 H - a +0 broad axe
 K - a +0 shortbow
 Y - a +0 fustibalus
Missiles
 h - 171 arrows
 p - 94 sling bullets
 r - 260 stones
 E - 57 bolts
 J - 13 poisoned needles
 O - 3 javelins of returning (quivered)
Armour
 g - a +1 pair of boots (worn)
 m - a +0 shield
 q - a +0 plate armour (worn)
 t - a +0 pair of gloves (worn)
 A - a +1 hat (worn)
 F - a +0 cloak
 P - a scarf of repulsion (worn)
 Q - the +1 ring mail of the Commoners {rElec}
   (You found it on level 8 of the Dungeon)

   It insulates you from electricity.
Jewellery
 k - a ring of protection from magic (left hand)
 x - an uncursed ring of resist corrosion
 y - a +4 ring of slaying (right hand)
 L - an amulet of faith (around neck)
 M - the ring "Hengiule" {rN+ Int+7 Dex-2}
   (You took it off a centaur on level 6 of the Dungeon)

   [ring of positive energy]

   It affects your intelligence (+7).
   It affects your dexterity (-2).
   It protects you from negative energy.
 R - a cursed ring of teleportation {unknown}
 X - a cursed -2 ring of dexterity {unknown}
Wands
 T - a wand of random effects (58)
 W - a wand of flame (26)
Scrolls
 f - a scroll of identify
 i - 6 scrolls of teleportation
 j - a scroll of fear
 o - 5 scrolls of remove curse
 U - 2 scrolls of enchant weapon
 V - a scroll of enchant armour
 Z - a scroll of vulnerability {unknown}
Potions
 d - a potion of magic {unknown}
 e - 2 potions of cancellation
 l - 3 potions of haste {unknown}
 n - 4 potions of curing
 u - 8 potions of heal wounds
 v - 2 potions of resistance
 w - 2 potions of might
 z - 2 potions of berserk rage {unknown}
 B - a potion of ambrosia {unknown}
 C - 2 potions of brilliance {unknown}
 G - 3 potions of mutation
 S - a potion of lignification {unknown}
Miscellaneous
 I - a phial of floods
Comestibles
 c - 16 rations
 N - 7 chunks of flesh


   Skills:
 + Level 9.8 Fighting
 * Level 12.9 Axes
 + Level 9.4 Armour
 + Level 8.6 Dodging
 + Level 2.3 Evocations


You had 10 spell levels left.
You didn't know any spells.
Your spell library was empty.

Dungeon Overview and Level Annotations

Branches:
Dungeon (10/15)            Temple (1/1) D:7             Orc (0/2) D:9
   Lair: D:8-11

Altars:
Ashenzari
Fedhas
Gozag
Hepliaklqana
Qazlal
Sif Muna
Uskayaw
Wu Jian

Shops:
D:10 !


Innate Abilities, Weirdness & Mutations

You reflexively headbutt those who attack you in melee.
You have a pair of horns on your head.


Message History

* * * LOW HITPOINT WARNING * * *
The iron troll claws you but does no damage. x2
The troll closely misses you. The troll barely misses you.
The troll claws you but does no damage. The troll closely misses you.
You furiously retaliate!
You headbutt the troll. The troll claws you!
* * * LOW HITPOINT WARNING * * *
The troll claws you but does no damage. The iron troll barely misses you.
The iron troll claws you but does no damage. x2
You slash the troll! You headbutt the troll!
The troll is almost dead.
You hit the troll.
Your plate armour prevents you from hitting the iron troll.
The troll bites you but does no damage. The troll claws you!
* * * LOW HITPOINT WARNING * * *
The troll barely misses you. The troll closely misses you.
The troll completely misses you. The troll claws you!
* * * LOW HITPOINT WARNING * * *
The troll misses you. The troll barely misses you.
The troll closely misses you. The iron troll bites you!
You die...

#..#########.............
#........................
###........................
...........................
................[..........
###........................
#[.......................
#........................
#............T@T.........
#..≈≈≈≈≈≈≈≈≈≈≈.≈≈≈≈≈≈≈≈≈≈
≈≈≈≈≈≈≈≈≈≈≈≈≈≈≈≈T≈#####≈≈≈≈
≈≈≈≈≈≈≈≈≈≈#####≈T≈#T..#≈≈≈≈
≈≈≈≈≈≈≈≈≈≈#[..'.÷.'.T}# ≈≈≈
≈≈≈≈≈≈≈≈≈≈#...#≈.≈#####
≈≈≈≈≈≈≈≈≈≈#####≈.≈≈≈≈
≈≈≈≈≈≈≈≈≈≈≈≈≈≈≈.≈≈≈≈≈≈
#.....................


You could see an iron troll and 3 trolls.

Vanquished Creatures
  A two-headed ogre (D:9)
  A deep troll (D:10)
  Joseph (D:7)
  5 trolls (D:10)
  3 hippogriffs
  A spriggan (D:7)
  3 yaks (D:10)
  Grum (D:9)
  Menkaure (D:7)
  Duvessa (D:5)
  A water moccasin (D:7)
  3 orc warriors
  A black bear (D:10)
  5 ice beasts
  A sky beast (D:6)
  A necrophage (D:10)
  4 ogres
  4 centaurs
  2 wolves (D:9)
  7 bullfrogs
  Dowan (D:5)
  2 water moccasin zombies (Ossuary)
  A howler monkey (D:5)
  An electric eel (D:10)
  6 crimson imps
  2 quasits
  A centaur zombie (D:10)
  A gnoll shaman (D:8)
  Crazy Yiuf (D:5)
  A bullfrog zombie (D:6)
  3 orc priests
  4 hounds
  8 orc wizards
  A centaur skeleton (D:8)
  A bullfrog skeleton (D:10)
  3 iguanas
  6 worker ants
  4 big kobold zombies (Ossuary)
  2 hound zombies (D:5)
  2 mummies (Ossuary)
  A hound skeleton (D:2)
  A howler monkey zombie (D:7)
  4 gnolls (D:8)
  13 adders
  3 shadow imps
  2 oozes (D:6)
  8 adder zombies
  2 adder skeletons (D:2)
  7 worms
  A dart slug (D:2)
  5 leopard geckos
  35 orcs
  2 ball pythons (D:6)
  4 giant cockroaches
  4 goblins
  6 hobgoblins
  16 jackals
  7 kobolds
  5 quokkas
  9 bats
  5 frilled lizards
  2 gnoll zombies (Ossuary)
  4 hobgoblin zombies (Ossuary)
  A jackal skeleton (D:5)
  3 kobold zombies (Ossuary)
  A leopard gecko zombie (D:2)
  5 orc zombies (Ossuary)
  A quokka skeleton (D:2)
  A quokka zombie (D:6)
  5 rats
261 creatures vanquished.

Vanquished Creatures (others)
  A plant (D:9)
1 creature vanquished.

Grand Total: 262 creatures vanquished

Notes
Turn   | Place    | Note
-------+----------+-------------------------------------------
     0 | D:1      | Loudmushroom the Minotaur Berserker began the quest for the Orb.
     0 | D:1      | Reached XP level 1. HP: 19/19 MP: 0/0
   863 | D:1      | Reached XP level 2. HP: 27/27 MP: 1/1
  1020 | D:2      | Reached skill level 4 in Axes
  1346 | D:2      | Reached XP level 3. HP: 33/33 MP: 2/2
  1529 | D:2      | Reached XP level 4. HP: 40/40 MP: 3/3
  1684 | D:2      | Reached ** piety under Trog
  1959 | D:2      | Reached skill level 5 in Axes
  2585 | D:3      | Reached XP level 5. HP: 47/47 MP: 4/4
  2992 | D:3      | Reached *** piety under Trog
  3138 | D:3      | Found an opulent altar of Gozag.
  3705 | D:4      | Reached XP level 6. HP: 55/55 MP: 5/5
  4217 | D:5      | Entered Level 5 of the Dungeon
  4318 | D:5      | Reached skill level 5 in Fighting
  4318 | D:5      | Reached skill level 6 in Axes
  4386 | D:5      | Found a runed door.
  4416 | D:5      | Found a sand-covered staircase.
  4431 | Ossuary  | Entered an ossuary
  4557 | Ossuary  | Reached **** piety under Trog
  4586 | Ossuary  | Reached XP level 7. HP: 61/61 MP: 6/6
  4632 | Ossuary  | Reached skill level 7 in Axes
  4759 | D:5      | Found a shattered altar of Ashenzari.
  4767 | D:5      | Noticed Duvessa
  4767 | D:5      | Noticed Dowan
  4776 | D:5      | Killed Duvessa
  4776 | D:5      | Reached skill level 5 in Armour
  4783 | D:5      | Killed Dowan
  5109 | D:5      | You fall through a shaft!
  5125 | D:6      | Reached skill level 5 in Dodging
  5125 | D:6      | Reached XP level 8. HP: 24/70 MP: 7/7
  5517 | D:6      | Reached skill level 8 in Axes
  5592 | D:6      | You fall through a shaft!
  5893 | D:5      | Noticed Crazy Yiuf
  5897 | D:5      | Killed Crazy Yiuf
  5979 | D:6      | Got a wavering turquoise ring
  6377 | D:7      | Reached skill level 9 in Axes
  6392 | D:7      | Reached ***** piety under Trog
  6431 | D:7      | Noticed Joseph
  6454 | D:7      | Killed Joseph
  6454 | D:7      | Reached XP level 9. HP: 44/79 MP: 8/8
  6820 | D:7      | Reached skill level 10 in Axes
  6904 | D:7      | Found a deep blue altar of Sif Muna.
  7019 | D:7      | Found a hide-covered altar of Uskayaw.
  7429 | D:7      | Noticed Menkaure
  7438 | D:7      | Killed Menkaure
  7753 | D:7      | Found a staircase to the Ecumenical Temple.
  7759 | Temple   | Entered the Ecumenical Temple
  7863 | D:8      | Received a gift from Trog
  7873 | D:8      | Reached skill level 11 in Axes
  8274 | D:8      | Got a scorched ring mail
  8275 | D:8      | Identified the +1 ring mail of the Commoners {rElec} (You found it on level 8 of the Dungeon)
  8300 | D:8      | Identified the ring "Hengiule" {rN+ Int+7 Dex-2} (You took it off a centaur on level 6 of the Dungeon)
  8441 | D:8      | Reached XP level 10. HP: 83/90 MP: 9/9
  8601 | D:8      | Found a blossoming altar of Fedhas.
  9020 | D:9      | Found a staircase to the Orcish Mines.
  9037 | D:9      | Found an ornate altar of the Wu Jian Council.
  9039 | D:9      | Found a hazy altar of Hepliaklqana.
  9192 | D:9      | Got a jewelled large shield
  9193 | D:9      | Identified the cursed -2 large shield of the Heavens {Dex+2 SInv} (You found it on level 9 of the Dungeon)
  9426 | D:9      | Noticed a two-headed ogre
  9432 | D:9      | Killed a two-headed ogre
  9432 | D:9      | Reached skill level 12 in Axes
  9625 | D:9      | Noticed Grum
  9632 | D:9      | Killed Grum
  9904 | D:10     | Entered Level 10 of the Dungeon
 10024 | D:10     | Found Koschap's Distillery.
 10239 | D:10     | Reached skill level 1 in Evocations
 10342 | D:10     | Noticed a deep troll
 10351 | D:10     | Killed a deep troll
 10364 | D:10     | Reached XP level 11. HP: 99/99 MP: 11/11
 10365 | D:10     | Noticed an iron troll
 10388 | D:10     | HP: 3/99 [troll (8)]
 10389 | D:10     | Slain by an iron troll

Skill      XL: |  1  2  3  4  5  6  7  8  9 10 |
---------------+-------------------------------+-----
Axes           | 4 5 6 7 9 11 12 | 12.9
Fighting       | 4 5 6 7 8 9 |  9.8
Armour         | 3 4 5 6 8 9 |  9.4
Dodging        | 3 4 5 6 7 8 |  8.6
Evocations     | 2 |  2.3

Action                   |  1- 3 |  4- 6 |  7- 9 | 10-12 || total
-------------------------+-------+-------+-------+-------++-------
Melee: Hand axe          |    70 |   291 |   304 |   133 ||   798
       Headbutt          |     7 |    45 |    63 |    38 ||   153
 Fire: Hunting sling     |       |       |     4 |       ||     4
       Shortbow          |       |       |       |    13 ||    13
Throw: Javelin           |       |       |     7 |       ||     7
Invok: Trog's Hand       |       |       |     6 |     1 ||     7
       Berserk           |       |       |     1 |     2 ||     3
       Brothers in Arms  |       |       |       |     1 ||     1
Evoke: Wand              |       |       |       |     2 ||     2
  Use: Scroll            |       |    10 |     6 |     3 ||    19
 Stab: Sleeping          |     1 |       |       |       ||     1
  Eat: Chunk             |     2 |    10 |    12 |     4 ||    28
       Ration            |       |       |     1 |     1 ||     2
Armor: Animal skin       |     4 |       |       |       ||     4
       Plate armour      |    46 |   154 |   161 |    89 ||   450
Dodge: Dodged            |    17 |    48 |    57 |    69 ||   191
Block: Shield            |    24 |   108 |   124 |       ||   256
